 Dungeon Crawl Stone Soup version 0.30-a0-578-gdee14c521f (webtiles) character file.

Game seed: 10151833325141226645

698 HoaS the Skirmisher (level 7, -1/40 HPs)
             Began as a Tengu Hunter on Dec 31, 2022.
             Slain by a wyvern zombie (7 damage)
             ... on level 5 of the Dungeon.
             The game lasted 00:09:49 (4468 turns).

HoaS the Skirmisher (Tengu Hunter)                  Turns: 4468, Time: 00:09:49

Health: -1/40      AC:  4    Str: 12    XL:     7   Next: 65%
Magic:  8/8        EV: 14    Int:  9    God:
Gold:   114        SH:  5    Dex: 19    Spells: 6/6 levels left

rFire   . . .      SeeInvis .    a - +0 shortbow
rCold   . . .      Faith    .    (shield currently unavailable)
rNeg    . . .      Spirit   .    c - +1 leather armour
rPois   .          Reflect  +    (helmet restricted)
rElec   .          Harm     .    (no cloak)
rCorr   +          Rampage  .    (no gloves)
Will    .....                    (boots unavailable)
Stlth   ++                       h - amulet of reflection
HPRegen 0.26/turn                f - ring of resist corrosion
MPRegen 0.11/turn                (no ring)

@: flying quickly and evasively, quick
A: beak, talons 3, nimble flight
a: no special abilities


You were on level 5 of the Dungeon.
You visited 1 branch of the dungeon, and saw 5 of its levels.

You collected 204 gold pieces.
You spent 90 gold pieces at shops.

Inventory:

Hand Weapons
 a - a +0 shortbow (weapon)
Armour
 c - a +1 leather armour (worn)
Jewellery
 f - a ring of resist corrosion (left hand)
 h - an amulet of reflection (around neck)
Wands
 e - a wand of quicksilver (17)
 o - a wand of digging (7)
 q - a wand of flame (28)
Scrolls
 b - 2 scrolls of immolation
 g - 2 scrolls of identify
 i - a scroll of enchant armour
 l - a scroll of fog
 p - a scroll of teleportation
Potions
 d - a potion of invisibility
 j - 2 potions of curing
 k - a potion of might {unknown}
 m - 2 potions of attraction {unknown}
 n - a potion of magic {unknown}


   Skills:
 - Level 2.0 Fighting
 + Level 10.0 Ranged Weapons
 - Level 2.1 Dodging
 - Level 1.0 Stealth


You had 6 spell levels left.
You didn't know any spells.
Your spell library contained the following spells:

 Spells                   Type           Power      Damage    Failure   Level
 Beastly Appendage        Tmut           0%         N/A       45%         1
 Freeze                   Ice            0%         1d3       45%         1
 Wereblood                Tmut           0%         N/A       61%         2
 Frozen Ramparts          Ice            0%         1d1       83%         3
 Hailstorm                Conj/Ice       0%         3d3       83%         3
 Spider Form              Tmut/Pois      0%         N/A       83%         3


Dungeon Overview and Level Annotations

Branches:
Dungeon (5/15)
 Temple: D:4-7

Altars:
Elyvilon
Nemelex Xobeh
Sif Muna
Vehumet
Wu Jian
Yredelemnul

Shops:
D:3 *=

Annotations:
D:4 Grinder


Innate Abilities, Weirdness & Mutations

You have a beak for a mouth.
You have claws for feet.
Your magical nature lets you fly swiftly and evasively.


Message History

The wyvern zombie is heavily damaged.
The wyvern zombie bites you but does no damage.
You shoot an arrow.
The arrow hits the wyvern zombie but does no damage.
The wyvern zombie is heavily damaged.
The wyvern zombie bites you. The wyvern zombie closely misses you.
You shoot an arrow.
The arrow barely misses the wyvern zombie.
The wyvern zombie closely misses you.
You shoot an arrow. The arrow hits the wyvern zombie!
The wyvern zombie is severely damaged.
The wyvern zombie bites you but does no damage.
You shoot an arrow.
The arrow hits the wyvern zombie but does no damage.
The wyvern zombie is severely damaged.
The wyvern zombie bites you.
You shoot an arrow.
The arrow barely misses the wyvern zombie.
The wyvern zombie barely misses you. The wyvern zombie bites you.
You shoot an arrow. The arrow hits the wyvern zombie.
The wyvern zombie is almost destroyed.
The wyvern zombie bites you!
You shoot an arrow.
The arrow hits the wyvern zombie but does no damage.
The wyvern zombie is almost destroyed.
The wyvern zombie bites you!
* * * LOW HITPOINT WARNING * * *
The wyvern zombie barely misses you.
You shoot an arrow.
The arrow hits the wyvern zombie but does no damage.
The wyvern zombie is almost destroyed.
The wyvern zombie bites you.
* * * LOW HITPOINT WARNING * * *
You shoot an arrow. The arrow hits the wyvern zombie.
The wyvern zombie is almost destroyed.
The wyvern zombie barely misses you.
You shoot an arrow.
The arrow completely misses the wyvern zombie.
The wyvern zombie barely misses you. The wyvern zombie bites you!
You die...

# #..# ##...# # ##.(#
#...# # ## #...##
##.## # .###....#
###.## #
........###....### #.
##.............♣.♣ #.
####........♣....♣♣ #.
######......♣.♣.♣.♣♣#
##
...........♣.♣♣♣@♣..
..........♣..♣.Z.♣...#
..........♣..♣._.♣.♣♣.
#
..........♣.♣♣......♣
#
..........♣..♣♣♣♣♣.♣♣
#### #
...........♣♣.♣.♣.♣.#
#..###
............♣♣.♣.♣.##
##....
#.>..........♣.♣♣..##
#....
#..#................##
##....


You could see a wyvern zombie.

Vanquished Creatures
  A scorpion (D:5)
  2 necrophages (D:4)
  A howler monkey (D:5)
  2 bullfrog zombies (D:5)
  A centaur zombie (D:5)
  A jelly (D:5)
  3 hounds
  An orc priest (D:5)
  Terence (D:1)
  Natasha (twice) (D:2)
  2 hound zombies (D:5)
  4 adders
  A shadow imp (D:3)
  A white imp (D:5)
  An ufetubus (D:5)
  A worm (D:3)
  8 orcs
  4 endoplasms
  3 giant cockroaches
  4 goblins
  10 hobgoblins
  2 quokkas
  9 ball pythons
  3 bats
  A frilled lizard (D:1)
  4 kobolds
  4 rats
77 creatures vanquished.

Notes
Turn   | Place    | Note
-------+----------+-------------------------------------------
     0 | D:1      | HoaS the Tengu Hunter began the quest for the Orb.
     0 | D:1      | Reached XP level 1. HP: 12/12 MP: 2/2
   248 | D:1      | Reached XP level 2. HP: 17/17 MP: 3/3
   427 | D:1      | Reached skill level 5 in Ranged Weapons
   697 | D:2      | Noticed Natasha
   699 | D:2      | Killed Natasha
   700 | D:2      | Reached XP level 3. HP: 21/21 MP: 4/4
   731 | D:2      | Noticed Terence
   741 | D:1      | Killed Terence
   742 | D:1      | Reached skill level 6 in Ranged Weapons
   742 | D:1      | Reached XP level 4. HP: 14/26 MP: 5/5
  1034 | D:2      | Noticed Natasha
  1039 | D:2      | Killed Natasha
  1263 | D:2      | Gained mutation: Your magical nature lets you fly swiftly
                  | and evasively. [Tengu growth]
  1263 | D:2      | Reached XP level 5. HP: 26/30 MP: 6/6
  1649 | D:3      | Found Pazi's Jewellery Shop.
  1741 | D:3      | Found Reiqeyh's General Store.
  1844 | D:3      | Found a white marble altar of Elyvilon.
  1855 | D:3      | Found an ornate altar of the Wu Jian Council.
  1861 | D:3      | Reached skill level 7 in Ranged Weapons
  2003 | D:3      | Bought a scroll of enchant armour for 90 gold pieces
  2076 | D:3      | Found a sparkling altar of Nemelex Xobeh.
  2288 | D:4      | Found a radiant altar of Vehumet.
  2465 | D:4      | Reached XP level 6. HP: 25/35 MP: 7/7
  2602 | D:4      | Reached skill level 8 in Ranged Weapons
  2616 | D:4      | Noticed Grinder
  2762 | D:4      | Found a shimmering blue altar of Sif Muna.
  3001 | D:5      | Entered Level 5 of the Dungeon
  3422 | D:5      | Reached skill level 9 in Ranged Weapons
  3422 | D:5      | Reached XP level 7. HP: 36/40 MP: 8/8
  3717 | D:5      | Reached skill level 10 in Ranged Weapons
  3736 | D:5      | Found a basalt altar of Yredelemnul.
  4468 | D:5      | Slain by a wyvern zombie

Illustrated notes

Levels and vault maps discovered:
D:1:      matt_arrival_grand_opening, layout_loops_ring
D:2:      layout_basic, uniq_terence, uniq_natasha
D:3:      layout_rooms, mainiacjoe_overflow_cross_hatched,
          mainiacjoe_overflow_large_starburst, serial_shops,
          nicolae_shop_window_shopping,
          nicolae_shop_competitors_out_of_business, columned_hall_lemuel
D:4:      layout_loops_cross, mainiacjoe_overflow_chevrons, vehumet_crystals,
          uniq_grinder
D:5:      layout_layer_cave, nicolae_yredelemnul_corpse_copse

Skill      XL: |  1  2  3  4  5  6  7 |
---------------+----------------------+-----
Ranged Weapons | 5 6 7 9 10 | 10.0
Fighting       | |  2.0
Dodging        | |  2.1
Stealth        | |  1.0

Action                   |  1- 3 |  4- 6 |  7- 9 || total
-------------------------+-------+-------+-------++-------
 Fire: Shortbow          |    48 |   158 |    70 ||   276
  Use: Scroll            |     2 |     9 |       ||    11
       Potion            |       |       |     4 ||     4
Armor: Leather armour    |     2 |    19 |    20 ||    41
Dodge: Dodged            |    18 |    38 |    56 ||   112
Block: Other             |       |    17 |    22 ||    39

Table legend: (Time is in decaauts)
 A = Elapsed time spent in this place.
 B = Non-inter-level travel time spent in this place.
 C = Inter-level travel time spent in this place.
 D = Time resting spent in this place.
 E = Time spent auto-exploring this place.
 F = Levels seen in this place.
 G = Mean time per level.
                   A        B        C        D        E       F      G
               +--------+--------+--------+--------+--------+-----+--------+
         Total |   4297 |   4243 |     54 |    949 |   2684 |   5 |  859.4 |
       Dungeon |   4297 |   4243 |     54 |    949 |   2684 |   5 |  859.4 |
               +--------+--------+--------+--------+--------+-----+--------+

Top non-repeatable levels by time:
     D:5: 1182 daAuts
     D:4: 995 daAuts
     D:2: 814 daAuts
     D:1: 756 daAuts
     D:3: 548 daAuts
